 Dungeon Crawl Stone Soup version 0.26-a0-1191-ge2a0e31ab3 (webtiles) character file.

Game seed: 16315917894308885881

1764 sanka the Chopper (level 8, -5/108 (111) HPs)
             Began as a Palentonga Abyssal Knight on Dec 29, 2020.
             Was a Priest of Lugonu.
             Killed by divine providence
             ... invoked by an orc priest
              (8 damage)
             ... on level 6 of the Dungeon.
             The game lasted 00:07:54 (5146 turns).

sanka the Chopper (Palentonga Abyssal Knight)       Turns: 5146, Time: 00:07:56

HP:   -5/108 (111)  AC: 27    Str: 16 (17) XL:     8   Next: 79%
MP:   10/10         EV:  1    Int: 11 (14) God:    Lugonu [***...]
Gold: 367           SH:  9    Dex:  8 (9)  Spells: 7/7 levels left

rFire    . . .     SeeInvis +   a - +0 war axe
rCold    . . .     Faith    .   c - +1 kite shield {AC+3}
rNeg     + + +     Spirit   .   (armour currently unavailable)
rPois    +         Reflect  .   (helmet currently unavailable)
rElec    .         Harm     .   (cloak currently unavailable)
rCorr    .         Rampage  .   (gloves currently unavailable)
Will     .....     NoTele   +   (no barding)
Stlth    +.........             k - amulet of the acrobat
HPRegen  0.28/turn              (no ring)
MPRegen  0.12/turn              d - ring of poison resistance

@: tree-form, attractive, lightly drained
A: large, rugged brown scales 3, see invisible
a: Renounce Religion, Depart the Abyss, Bend Space, Banish


You were on level 6 of the Dungeon.
You worshipped Lugonu.
Lugonu was most pleased with you.
You were a tree.
You visited 1 branch of the dungeon, and saw 6 of its levels.
You visited the Abyss 1 time.

You collected 367 gold pieces.


Innate Abilities, Weirdness & Mutations

(You are completely covered in rugged brown scales. (AC +3, +7% HP))
You have supernaturally acute eyesight. (SInv)
((Armour fits poorly on your strangely shaped body.))
((You can roll at nearby foes to attack.))
((You have a long armoured tail.))
((You curl defensively after being hit.))


   Skills:
 + Level 5.8 Fighting
 * Level 7.5 Axes
 - Level 4.0 Armour
 - Level 0.7 Dodging
 + Level 3.9 Shields
 + Level 3.0 Invocations


You had 7 spell levels left.
You didn't know any spells.
Your spell library contained the following spells:

 Spells                   Type           Power        Failure   Level
 Freeze                   Ice            0%           71%         1
 Frozen Ramparts          Ice            0%           97%         3
 Ozocubu's Armour         Ice            0%           97%         3
 Hailstorm                Conj/Ice       0%           100%        4
 Summon Ice Beast         Ice/Summ       0%           100%        4

Inventory:

Hand Weapons
 a - a +0 war axe (weapon)
Armour
 c - a +1 kite shield of protection (worn)
 q - a +0 chain mail (melded)
Jewellery
 d - a ring of poison resistance (right branch)
 k - an amulet of the acrobat (around neck)
Wands
 v - a wand of acid (5)
Scrolls
 b - 3 scrolls of magic mapping {unknown}
 g - 2 scrolls of amnesia {unknown}
 n - a scroll of enchant weapon {unknown}
 p - 2 scrolls of enchant armour {unknown}
 r - 5 scrolls of teleportation {unknown}
 t - 2 scrolls of remove curse {unknown}
 u - 6 scrolls of identify {unknown}
 w - a scroll of immolation {unknown}
 y - a scroll of blinking {unknown}
 z - a scroll of random uselessness {unknown}
Potions
 e - 2 potions of flight {unknown}
 f - 3 potions of lignification {!q}
 h - 3 potions of attraction {!q}
 i - 2 potions of might {unknown}
 j - a potion of haste {unknown}
 l - a potion of invisibility {unknown}
 m - 4 potions of curing {unknown}
 o - 2 potions of degeneration {!q}
 s - 3 potions of brilliance {unknown}
 x - a potion of cancellation {unknown}

Dungeon Overview and Level Annotations

Branches:
Dungeon (6/15)
 Temple: D:4-7

Altars:
Ashenzari
Elyvilon
Sif Muna
Xom
The Shining One

▒.▒ ▒▒.▒ ▒▒▒....
▒.▒ ▒.▒ ▒▒...._.
▒.▒ ▒.▒▒ ▒..))...
▒.▒ ▒..▒▒▒...[...
▒.▒ ▒▒.▒.........
▒.▒ ▒.)....▒▒▒▒▒
▒.▒ ▒▒..(..▒ ▒.▒
▒.....▒ ▒♣▒ ▒.....▒
▒ ▒o▒ ▒▒▒▒..†▒▒▒
▒▒. ▒o▒ ▒.>...▒▒
▒▒... ▒o▒▒▒.▒▒▒.▒
▒..▒ .oo....
▒.▒▒▒▒.▒
........▒..▒▒..▒▒▒
..................
.........▒▒.†▒▒▒▒▒▒
▒▒▒▒▒▒....▒


You could see 3 orc priests and 2 orc wizards.


Message History

You closely miss the orc priest.
The orc priest is almost dead.
The orc priest hits you but does no damage.
Unknown command.
You hit the orc priest but do no damage.
The orc priest is almost dead.
The orc priest hits you but does no damage.
It was a potion of lignification.
You turn into a tree.
Your roots penetrate the ground.
The orc priest mumbles some strange prayers to Beogh against you.
Beogh smites you!
* * * LOW HITPOINT WARNING * * *
The orc priest looks braver for a moment.
It was a potion of attraction.
You feel attractive to monsters.
The orc wizard gestures wildly while chanting.
The orc wizard blinks!
The orc priest looks encouraged for a moment.
The orc priest looks braver for a moment.
The orc priest is pulled toward you! The orc wizard is pulled toward you!
It was a potion of degeneration.
There was something very wrong with that liquid.
You feel weakened.
You feel dopey.
You feel clumsy.
The orc priest mumbles some strange prayers to Beogh against you.
Beogh smites you!
You die...

Action                   |  1- 3 |  4- 6 |  7- 9 || total
-------------------------+-------+-------+-------++-------
Melee: Hand axe          |    95 |    23 |       ||   118
       Tailslap          |     8 |     9 |    20 ||    37
       War axe           |       |    77 |   237 ||   314
 Abil: Rolling Charge    |     5 |     5 |     4 ||    14
  Use: Potion            |       |       |     3 ||     3
Armor: Leather armour    |    38 |       |       ||    38
       Scale mail        |     3 |    10 |       ||    13
       Chain mail        |       |    50 |   111 ||   161
Dodge: Dodged            |    18 |    16 |    35 ||    69
Block: Kite shield       |    31 |    52 |   119 ||   202

Levels and vault maps discovered:
D:1:      dpeg_arrival_three_smaller_balls, layout_loops_ring,
          minmay_rat_gold_closets
D:2:      layout_basic, uniq_natasha
D:3:      layout_loops_ring
D:4:      layout_basic, nicolae_overflow_hidden_temple, uniq_eustachio,
          uniq_pikel
D:5:      layout_loops_ring, nicolae_tso_swordbearing_angel
D:6:      layout_rooms, basic_altar, uniq_edmund

Notes
Turn   | Place    | Note
-------+----------+-------------------------------------------
     0 | Abyss:1  | sanka the Palentonga Abyssal Knight began the quest for the
                  | Orb.
     0 | Abyss:1  | Reached XP level 1. HP: 20/20 MP: 2/2
    57 | Abyss:1  | Found a corrupted altar of Lugonu.
    85 | D:1      | Escaped the Abyss
   276 | D:1      | Reached XP level 2. HP: 25/27 MP: 3/3
   429 | D:1      | Reached ** piety under Lugonu
   865 | D:2      | Reached skill level 3 in Axes
   865 | D:2      | Reached XP level 3. HP: 28/33 MP: 4/4
   936 | D:2      | Reached skill level 1 in Shields
  1044 | D:2      | Noticed Natasha
  1049 | D:2      | Killed Natasha
  1049 | D:2      | Noticed Natasha
  1050 | D:2      | Reached XP level 4. HP: 39/40 MP: 5/5
  1060 | D:2      | Killed Natasha
  1286 | D:2      | Noticed Natasha
  1292 | D:2      | Killed Natasha
  1650 | D:3      | Reached XP level 5. HP: 45/49 MP: 6/6
  1681 | D:3      | Reached skill level 4 in Axes
  2356 | D:4      | Noticed Pikel
  2364 | D:4      | Noticed a lemure
  2365 | D:4      | Noticed a lemure
  2400 | D:3      | Killed Pikel
  2401 | D:3      | Reached skill level 4 in Fighting
  2401 | D:3      | Reached skill level 5 in Axes
  2401 | D:3      | Reached skill level 2 in Armour
  2401 | D:3      | Reached skill level 2 in Shields
  2401 | D:3      | Reached XP level 6. HP: 17/56 MP: 7/7
  2401 | D:3      | Gained mutation: You curl defensively after being hit.
                  | [Palentonga growth]
  2401 | D:3      | Reached XP level 7. HP: 20/64 MP: 8/8
  2628 | D:4      | Reached *** piety under Lugonu
  2645 | D:4      | Noticed Eustachio
  2741 | D:4      | Killed Eustachio
  2742 | D:4      | Reached skill level 6 in Axes
  2742 | D:4      | Reached skill level 3 in Armour
  2742 | D:4      | Reached skill level 3 in Shields
  2783 | D:4      | Reached skill level 5 in Fighting
  3224 | D:4      | Reached XP level 8. HP: 72/72 MP: 9/9
  3240 | D:4      | Found a white marble altar of Elyvilon.
  3242 | D:4      | Found a shimmering altar of Xom.
  3319 | D:4      | Found a broken altar of Ashenzari.
  3355 | D:5      | Entered Level 5 of the Dungeon
  3937 | D:5      | Reached skill level 7 in Axes
  4549 | D:5      | Found a glowing golden altar of the Shining One.
  4852 | D:6      | Found a shimmering blue altar of Sif Muna.
  5038 | D:6      | Reached skill level 4 in Armour
  5043 | D:6      | Reached skill level 3 in Invocations
  5136 | D:6      | HP: 7/72 [orc priest/divine providence (13)]
  5144 | D:6      | HP: 2/108 [orc priest/divine providence (11)]
  5146 | D:6      | Killed from afar by an orc priest

Vanquished Creatures
  Pikel (D:3)
  Eustachio (D:4)
  A sky beast (D:5)
  3 ogres (D:5)
  A bullfrog (D:6)
  2 scorpions
  A howler monkey (D:4)
  A hound (D:4)
  2 orc priests
  A jelly (D:5)
  3 centaur skeletons
  4 orc wizards
  Natasha (thrice) (D:2)
  2 worker ants
  A hound skeleton (D:4)
  6 adders
  A white imp (D:5)
  2 adder skeletons
  4 worms
  5 leopard geckos
  8 orcs
  2 giant cockroaches
  7 goblins
  4 hobgoblins
  9 jackals
  6 kobolds
  2 quokkas
  2 ball pythons
  4 bats
  6 frilled lizards
  A leopard gecko skeleton (D:4)
  A quokka skeleton (D:5)
  A quokka zombie (D:6)
  16 rats
114 creatures vanquished.

Vanquished Creatures (others)
  An orc wizard (D:6)
1 creature vanquished.

Grand Total: 115 creatures vanquished
